 Dungeon Crawl Stone Soup version 0.28.0-45-g0d030f2227 (webtiles) character file.

Game seed: 8109136018846230918

52 101zpm the Magician (level 4, -1/31 HPs)
             Began as a Djinni Ice Elementalist on Apr 13, 2022.
             Slain by Natasha (7 damage)
             ... on level 2 of the Dungeon.
             The game lasted 00:02:27 (1569 turns).

101zpm the Magician (Djinni Ice Elementalist)       Turns: 1569, Time: 00:02:28

Health: -1/31      AC:  2    Str: 10    XL:     4   Next: 8%
Gold:   31         EV: 12    Int: 19    God:
                   SH:  0    Dex: 13

rFire   + + .      SeeInvis .   e - +3 mace of Light {flame, rCorr Str+3}
rCold   x . .      Faith    .   (no shield)
rNeg    . . .      Spirit   .   a - +0 robe
rPois   ∞          Reflect  .   (no helmet)
rElec   .          Harm     .   (no cloak)
rCorr   +          Rampage  .   (no gloves)
Will    .....                   (boots unavailable)
Stlth   ++........              (no amulet)
HPRegen 0.10/turn               (no ring)
MPRegen 0.00/turn               (no ring)

@: flying
A: sickness immunity, fire resistance 2, cold vulnerability 1, float, innate
caster, HP casting, extra vitality 1
a: no special abilities


You were on level 2 of the Dungeon.
You visited 1 branch of the dungeon, and saw 3 of its levels.

You collected 31 gold pieces.

Inventory:

Hand Weapons
 e - the +3 mace of Light (weapon) {flame, rCorr Str+3}
   (You found it on level 2 of the Dungeon)

   It burns those it strikes, dealing additional fire damage.
   Str:       It affects your strength (+3).
   rCorr:     It protects you from acid and corrosion.
Armour
 a - a +0 robe (worn)
Scrolls
 b - a scroll of acquirement {unknown}
 d - a scroll of identify {unknown}
Potions
 c - a potion of mutation {unknown}


   Skills:
 + Level 0.1 Maces & Flails
 + Level 2.3 Dodging
 + Level 1.7 Stealth
 + Level 4.1 Spellcasting


You couldn't memorise any spells.
You knew the following spells:

 Your Spells              Type           Power      Damage    Failure   Level
a - Freeze                Ice            76%        1d9       2%          1
b - Frozen Ramparts       Ice            38%        1d5       8%          3
c - Ozocubu's Armour      Ice            19%        N/A       8%          3
d - Hailstorm             Conj/Ice       19%        3d6       24%         4
e - Pain                  Necr           76%        1d7       2%          1
Your spell library was empty.

Dungeon Overview and Level Annotations

Branches:
Dungeon (3/15)

Altars:

Annotations:
D:2 Natasha


Innate Abilities, Weirdness & Mutations

You are immune to sickness and miasma.
You are immune to poison.
Your flesh is very heat resistant. (rF++)
You are vulnerable to cold. (rC-)
You float through the air rather than walking.
You learn spells naturally, not from books.
Your magical power is your life essence.
You have superior vitality. (+4 MHP)


Message History

No target in view!
Found a dagger.
You see here a +0 dagger.
Natasha, Servant of Life and Death comes into view.
Found a scroll labelled TIRUZU RICHAOB.
Natasha hisses angrily.
Natasha barely misses you.
You hit Natasha. You burn Natasha.
Natasha is moderately wounded.
Natasha claws you.
You completely miss Natasha.
Natasha is moderately wounded.
Natasha claws you! Natasha claws you.
You are too injured to fight recklessly!
You are too injured to fight recklessly!
You are too injured to fight recklessly!
You are too injured to fight recklessly!
You are too injured to fight recklessly!
You are too injured to fight recklessly!
You are too injured to fight recklessly!
You are too injured to fight recklessly!
You are too injured to fight recklessly!
You miss Natasha.
Natasha is moderately wounded.
Natasha mumbles some strange words.
You barely miss Natasha.
Natasha is moderately wounded.
Natasha barely misses you.
Aiming: Freeze (safe; 2% risk of failure)
Press: ? - help, Q - select action, (/) - cycle Shift-Dir - straight line, f - Natasha
Aim: Natasha (moderately wounded)
You freeze Natasha.
Natasha is moderately wounded.
Natasha closely misses you.
You barely miss Natasha.
Natasha is moderately wounded.
Natasha claws you!
* * * LOW HITPOINT WARNING * * *
Natasha claws you!
You die...

#...#
#.....#
#####
###......#
#.....#
........#
#######
...?....#
.......#
#......#
###
#......#
#..
#.h5...#
#.. #@# #..
#.# #..
#.#########
#..
#.........#
#..
#########.#
#.. #.# #..
#.# #.. #.#
#.. #.# ###


You could see an iron imp (summoned) and Natasha.

Vanquished Creatures
  Natasha (D:2)
  An adder (D:2)
  A dart slug (D:2)
  3 endoplasms
  A goblin (D:2)
  2 hobgoblins (D:2)
  A kobold (D:2)
  2 quokkas (D:2)
  3 bats
15 creatures vanquished.

Notes
Turn   | Place    | Note
-------+----------+-------------------------------------------
     0 | D:1      | 101zpm the Djinni Ice Elementalist began the quest for the
                  | Orb.
     0 | D:1      | Reached XP level 1. HP: 15/15 MP: 0/0
   702 | D:2      | Reached XP level 2. HP: 18/21 MP: 0/0
   853 | D:2      | Reached XP level 3. HP: 13/25 MP: 0/0
   853 | D:2      | Learned a level 1 spell: Pain
   857 | D:2      | Identified the +3 mace of Light {flame, rCorr Str+3}
  1154 | D:2      | Noticed Natasha
  1161 | D:2      | Killed Natasha
  1162 | D:2      | Reached skill level 4 in Spellcasting
  1162 | D:2      | Reached XP level 4. HP: 16/31 MP: 0/0
  1560 | D:2      | Noticed Natasha
  1569 | D:2      | Slain by Natasha

Illustrated notes

Levels and vault maps discovered:
D:1:      tarquinn_simple_flora_water_a, layout_basic
D:2:      layout_basic, dilly_ecumenical_altar_fadedgnrine, uniq_natasha
D:3:      minmay_razor_zed, layout_rooms, mainiacjoe_overflow_cross_hatched,
          minmay_divided_ellipse, uniq_jessica, uniq_robin

Skill      XL: |  1  2  3 |
---------------+----------+-----
Spellcasting   | 4 |  4.1
Maces & Flails | |  0.1
Dodging        | |  2.3
Stealth        | |  1.7

Action                   |  1- 3 |  4- 6 || total
-------------------------+-------+-------++-------
Melee: Unarmed           |     1 |       ||     1
       Mace              |     8 |     7 ||    15
 Cast: Freeze            |    17 |     1 ||    18
 Stab: Sleeping          |     2 |       ||     2
Armor: Robe              |     2 |     1 ||     3
Dodge: Dodged            |    12 |     7 ||    19
